% Time on Ice - VICTORIA GLADIATORS
Lines # - Real PCT - Wanted PCT - Time Play
Normal Forward
1 - 34% - 37% - 13:36
2 - 28% - 33% - 11:11
3 - 24% - 23% - 9:43
4 - 14% - 7% - 5:24
Normal Defense
1 - 38% - 40% - 15:10
2 - 33% - 35% - 13:20
3 - 29% - 25% - 11:24
4 - 0% - 0% - 0:00
PP Forward
1 - 57% - 52% - 4:41
2 - 43% - 48% - 3:31
PP Defense
1 - 54% - 52% - 4:25
2 - 46% - 48% - 3:47
PK Forward
1 - 52% - 52% - 5:12
2 - 48% - 48% - 4:43
PK Defense
1 - 50% - 52% - 4:59
2 - 50% - 48% - 4:56
PK3 Forward
1 - 0% - 55%
2 - 0% - 45%
PK3 Defense
1 - 0% - 55%
2 - 0% - 45%
44 Forward
1 - 58% - 55% - 1:09
2 - 42% - 45% - 0:50
44 Defense
1 - 58% - 55% - 1:09
2 - 42% - 45% - 0:50
Last Minute Offensive  - 0:00
Last Minute Defensive  - 0:00
Total
Forward - 60:00
Defense - 60:00
% Time on Ice - PORTLAND PIRATES
Lines # - Real PCT - Wanted PCT - Time Play
Normal Forward
1 - 33% - 33% - 13:11
2 - 29% - 32% - 11:43
3 - 27% - 28% - 10:46
4 - 11% - 7% - 4:14
Normal Defense
1 - 35% - 33% - 13:49
2 - 34% - 33% - 13:38
3 - 31% - 28% - 12:15
4 - 1% - 6% - 0:12
PP Forward
1 - 52% - 60% - 5:12
2 - 48% - 40% - 4:43
PP Defense
1 - 55% - 60% - 5:29
2 - 45% - 40% - 4:26
PK Forward
1 - 70% - 60% - 5:45
2 - 30% - 40% - 2:27
PK Defense
1 - 59% - 60% - 4:48
2 - 41% - 40% - 3:24
PK3 Forward
1 - 100% - 60% - 0:47
2 - 0% - 40% - 0:00
PK3 Defense
1 - 70% - 60% - 0:33
2 - 30% - 40% - 0:14
44 Forward
1 - 67% - 60% - 0:48
2 - 33% - 40% - 0:24
44 Defense
1 - 33% - 60% - 0:24
2 - 67% - 40% - 0:48
Last Minute Offensive  - 0:00
Last Minute Defensive  - 0:00
Total
Forward - 60:00
Defense - 60:00
Play-by-Play 1st period 0:01 of 1st period - Anze Kopitar wins face-off versus Jonathan Toews in neutral zone. 0:19 of 1st period - Shot by Elias Lindholm. 0:19 of 1st period - Stopped by Chris Driedger without a rebound. 0:20 of 1st period - Vincent Trocheck wins face-off versus Pavel Zacha in PORTLAND PIRATES zone. 0:45 of 1st period - Shot by Bryan Rust. 0:45 of 1st period - Shot Misses the Net. 0:57 of 1st period - Shot by Rickard Rakell. 0:57 of 1st period - Stopped by Carter Hart without a rebound. 0:58 of 1st period - Yanni Gourde wins face-off versus Jared McCann in VICTORIA GLADIATORS zone. 1:07 of 1st period - Shot by Yanni Gourde. 1:07 of 1st period - Stopped by Carter Hart without a rebound. 1:08 of 1st period - Anze Kopitar wins face-off versus Adam Erne in VICTORIA GLADIATORS zone. 2:14 of 1st period - Shot by Brett Connolly. 2:14 of 1st period - Deflect By Yanni Gourde. 2:14 of 1st period - Stopped by Carter Hart without a rebound. 2:15 of 1st period - Johan Larsson wins face-off versus Jonathan Toews in VICTORIA GLADIATORS zone. 2:15 of 1st period - Johan Larsson is hit by Gabriel Landeskog. 3:31 of 1st period - Minor Penalty to Yanni Gourde for Diving. 3:32 of 1st period - Rickard Rakell wins face-off versus Anze Kopitar in PORTLAND PIRATES zone. 4:33 of 1st period - Shot by Tanner Pearson. 4:33 of 1st period - Stopped by Chris Driedger without a rebound. 4:34 of 1st period - Chandler Stephenson wins face-off versus Vincent Trocheck in PORTLAND PIRATES zone. 5:08 of 1st period - Shot by Tanner Pearson. 5:08 of 1st period - Shot Misses the Net. 5:16 of 1st period - Shot by Tanner Pearson. 5:16 of 1st period - Shot Blocked by Travis Hamonic. 5:33 of 1st period - Icing by Duncan Keith. 5:34 of 1st period - Jonathan Toews wins face-off versus Derek Grant in VICTORIA GLADIATORS zone. 6:16 of 1st period - Shot by Gabriel Landeskog. 6:16 of 1st period - Shot Misses the Net. 6:34 of 1st period - Shot by Rickard Rakell. 6:34 of 1st period - Goal by Rickard Rakell - VICTORIA GLADIATORS : 0 - PORTLAND PIRATES : 1. 6:35 of 1st period - Vincent Trocheck wins face-off versus Pavel Zacha in neutral zone. 6:35 of 1st period - Vincent Trocheck is hit by Pavel Zacha. 6:44 of 1st period - Icing by Pavel Zacha. 6:45 of 1st period - Anze Kopitar wins face-off versus Pavel Zacha in PORTLAND PIRATES zone. 6:56 of 1st period - Icing by Nikita Zaitsev. 6:57 of 1st period - Anze Kopitar wins face-off versus Yanni Gourde in VICTORIA GLADIATORS zone. 7:05 of 1st period - Off-side. 7:06 of 1st period - Vincent Trocheck wins face-off versus Pavel Zacha in neutral zone. 7:12 of 1st period - Icing by Travis Hamonic. 7:13 of 1st period - Pavel Zacha wins face-off versus Tanner Pearson in PORTLAND PIRATES zone. 7:13 of 1st period - Pavel Zacha is hit by Vincent Trocheck. 7:48 of 1st period - Rickard Rakell is hit by Alex Goligoski and loses puck. 9:04 of 1st period - Nick Holden is hit by Yanni Gourde and loses puck. 9:39 of 1st period - Icing by Brian Dumoulin. 9:40 of 1st period - Jonathan Toews wins face-off versus Vincent Trocheck in PORTLAND PIRATES zone. 9:56 of 1st period - Alex Goligoski is hit by Brian Dumoulin. 10:08 of 1st period - Travis Konecny is hit by Duncan Keith and loses puck. 10:34 of 1st period - Icing by Thomas Chabot. 10:35 of 1st period - Jonathan Toews wins face-off versus Anze Kopitar in PORTLAND PIRATES zone. 10:35 of 1st period - Jonathan Toews is hit by Anze Kopitar. 10:44 of 1st period - Jonathan Toews is hit by Nikita Zaitsev. 10:51 of 1st period - Double Minor Penalty to Yanni Gourde for High sticking. 10:52 of 1st period - Anze Kopitar wins face-off versus Jason Dickinson in PORTLAND PIRATES zone. 11:17 of 1st period - Shot by Elias Lindholm. 11:17 of 1st period - Stopped by Chris Driedger without a rebound. 11:18 of 1st period - Vincent Trocheck wins face-off versus Jason Dickinson in PORTLAND PIRATES zone. 11:23 of 1st period - Shot by Tanner Pearson. 11:23 of 1st period - Stopped by Chris Driedger with a rebound. 11:25 of 1st period - Shot by Vincent Trocheck. 11:25 of 1st period - Stopped by Chris Driedger with a rebound. 11:27 of 1st period - Shot by Bryan Rust. 11:27 of 1st period - Shot Misses the Net. 11:33 of 1st period - Shot by Bryan Rust. 11:33 of 1st period - Shot Blocked by Thomas Chabot. 11:35 of 1st period - Shot by Bryan Rust. 11:35 of 1st period - Stopped by Chris Driedger without a rebound. 11:36 of 1st period - Anze Kopitar wins face-off versus Jason Dickinson in PORTLAND PIRATES zone. 11:43 of 1st period - Shot by Torey Krug. 11:43 of 1st period - Stopped by Chris Driedger without a rebound. 11:44 of 1st period - Anze Kopitar wins face-off versus Jason Dickinson in PORTLAND PIRATES zone. 11:49 of 1st period - Shot by Elias Lindholm. 11:49 of 1st period - Deflect By Kyle Connor. 11:49 of 1st period - Shot Misses the Net. 11:51 of 1st period - Shot by Alex Goligoski. 11:51 of 1st period - Shot Misses the Net. 11:59 of 1st period - Shot by Kyle Connor. 11:59 of 1st period - Shot Misses the Net. 12:07 of 1st period - Shot by Elias Lindholm. 12:07 of 1st period - Stopped by Chris Driedger without a rebound. 12:08 of 1st period - Vincent Trocheck wins face-off versus Chandler Stephenson in PORTLAND PIRATES zone. 13:15 of 1st period - Elias Lindholm is hit by Alec Martinez and loses puck. 14:58 of 1st period - Shot by Jared McCann. 14:58 of 1st period - Stopped by Chris Driedger with a rebound. 15:00 of 1st period - Shot by Marco Scandella. 15:00 of 1st period - Shot Misses the Net. 15:51 of 1st period - Derek Grant is hit by Gabriel Landeskog and loses puck. 16:00 of 1st period - Shot by Derek Grant. 16:00 of 1st period - Shot Misses the Net. 16:02 of 1st period - Shot by Duncan Keith. 16:02 of 1st period - Stopped by Chris Driedger without a rebound. 16:03 of 1st period - Pavel Zacha wins face-off versus Anze Kopitar in PORTLAND PIRATES zone. 16:51 of 1st period - Shot by Bryan Rust. 16:51 of 1st period - Deflect By Tanner Pearson. 16:51 of 1st period - Shot Misses the Net. 17:00 of 1st period - Icing by Travis Hamonic. 17:01 of 1st period - Johan Larsson wins face-off versus Pavel Zacha in PORTLAND PIRATES zone. 17:04 of 1st period - Shot by Johan Larsson. 17:04 of 1st period - Stopped by Chris Driedger with a rebound. 17:06 of 1st period - Shot by Johan Larsson. 17:06 of 1st period - Stopped by Chris Driedger without a rebound. 17:07 of 1st period - Vincent Trocheck wins face-off versus Jonathan Toews in PORTLAND PIRATES zone. 17:13 of 1st period - Icing by Brian Dumoulin. 17:14 of 1st period - Anze Kopitar wins face-off versus Jonathan Toews in PORTLAND PIRATES zone. 17:38 of 1st period - Icing by Thomas Chabot. 17:39 of 1st period - Jonathan Toews wins face-off versus Vincent Trocheck in PORTLAND PIRATES zone. 18:53 of 1st period - Minor Penalty to Kyle Connor for Tripping. 18:54 of 1st period - Johan Larsson wins face-off versus Pavel Zacha in VICTORIA GLADIATORS zone. Goals for this period are 0 for VICTORIA GLADIATORS vs 1 for PORTLAND PIRATES. Shots for this period are 12 for VICTORIA GLADIATORS vs 4 for PORTLAND PIRATES. 2nd period 0:01 of 2nd period - Jonathan Toews wins face-off versus Johan Larsson in neutral zone. 0:16 of 2nd period - Duncan Keith is hit by Gabriel Landeskog and loses puck. 1:21 of 2nd period - Shot by Chandler Stephenson. 1:21 of 2nd period - Shot Blocked by Nikita Zaitsev. 1:37 of 2nd period - Shot b